[Event "German Bundesliga 2022-23"]
[Site "Germany"]
[Date "2022.11.26"]
[Round "3.6"]
[White "Zilka, Stepan"]
[Black "Amin, Bassem"]
[Result "1/2-1/2"]
[ECO "C95"]
[WhiteElo "2602"]
[BlackElo "2685"]
[Annotator "TA"]
[PlyCount "63"]
[EventDate "2022.10.21"]
[EventType "team-tourn"]
[EventCountry "GER"]
[SourceTitle "playchess.com"]
[Source "ChessBase"]
[SourceQuality "1"]
[TimeControl "40/6000+30:3000+30"]

1. e4 e5 2. Nf3 Nc6 3. Bb5 a6 4. Ba4 Nf6 5. O-O Be7 6. Re1 b5 7. Bb3 d6 8. c3 O-O 9. h3 Nb8 10. d4 Nbd7 11. Nbd2 Bb7 12. Bc2 Re8 13. Nf1 Bf8 14. Ng3 g6 15. a4 Bg7 16. Bd3 exd4 {[%emt 0:00:34] C95: Closed Ruy Lopez: Breyer Variation with 10 d4.} 17. cxd4 c5 18. axb5 axb5 {[%emt 0:00:08] White is slightly better.} 19. Rxa8 Bxa8 {[%emt 0:00:52] [#]} 20. b4 $146 (20. dxc5 $11 Nxc5 21. Bxb5) ({Predecessor:} 20. dxc5 Nxc5 21. Bxb5 Rf8 22. e5 dxe5 23. Qxd8 Rxd8 24. Nxe5 Nd5 25. Bc4 Re8 26. Nd3 Rxe1+ 27. Nxe1 {½-½ (60) So,W (2770)-Amin,B (2686) Chess.com INT 2020}) 20... cxd4 ({Don't do} 20... cxb4 21. Bd2 $16 (21. Bxb5 Nxe4 22. Nxe4 Rxe4 $15)) (20... c4 $15 21. Bc2 d5) 21. Nxd4 $11 d5 22. Bxb5 dxe4 23. Bg5 Qc7 24. Qc1 (24. Qd2 $5 ) 24... Rc8 {[%emt 0:14:42] The position is equal.} 25. Qxc7 Rxc7 26. Bf4 Rc3 27. Rd1 {[%emt 0:00:03] [#] And now Nde2 would win.} Nb6 28. Nge2 Rc8 29. Ba6 Re8 30. Bb5 Rc8 31. Ba6 Re8 32. Bb5 {[%emt 0:04:27] Weighted Error Value: White=0.15 (very precise) /Black=0.08 (flawless)} (32. Nb5 $5 ) 1/2-1/2

[Event "German Bundesliga 2022-23"]
[Site "Germany"]
[Date "2022.11.26"]
[Round "3.6"]
[White "Pruijssers, Roeland"]
[Black "Donchenko, Alexander"]
[Result "0-1"]
[ECO "B15"]
[WhiteElo "2547"]
[BlackElo "2645"]
[Annotator "TA"]
[PlyCount "72"]
[EventDate "2022.10.21"]
[EventType "team-tourn"]
[EventCountry "GER"]
[SourceTitle "playchess.com"]
[Source "ChessBase"]
[SourceQuality "1"]
[TimeControl "40/6000+30:3000+30"]

1. e4 c6 2. Nc3 d5 3. d4 dxe4 4. Nxe4 Nf6 5. Nxf6+ exf6 6. c3 Bd6 7. Bd3 O-O 8. Qc2 Re8+ {[%emt 0:00:18] B15: Caro-Kann: 3 Nc3: 3...g6 and 3...dxe4 4 Nxe4 Nf6 5 Nxf6+ exf6.} 9. Ne2 h5 10. Be3 Nd7 {[%emt 0:01:07] White is slightly better.} 11. O-O-O b5 12. g4 (12. d5 $14) 12... hxg4 $11 13. h3 g3 14. Rhg1 {[%emt 0:00:36] Against f5} gxf2 15. Bxf2 {[%emt 0:00:07] [#]} Nb6 $146 ({Predecessor:} 15... Qa5 16. Qd2 Kf8 17. Ng3 b4 18. c4 Qxa2 19. Nh5 Nb6 20. b3 Qxb3 21. Qb2 Qxb2+ 22. Kxb2 {0-1 (60) Razafindratsima,T (2386)-David,A (2545) Paris 2022}) 16. Qd2 Kf8 $1 (16... Bxh3 $2 17. Qh6 Kf8 18. Rxg7 Rxe2 19. Rg8+ Ke7 20. Rxd8 (20. Bxe2 Qxg8 21. Qxh3 Qg5+ 22. Kb1 Re8 $11) 20... Rxd8 21. Bxe2 $18) 17. Ng3 Nc4 18. Bxc4 bxc4 19. Nh5 Qa5 (19... Bxh3 $2 20. Rxg7 Be6 21. Bh4 $18) (19... g5 20. Qc2 $16) 20. Nxg7 {[%emt 0:00:40] [#] Qh6 is the strong threat.} Qxa2 21. Qh6 $1 (21. Nxe8 {leads to mate.} Qa1+ 22. Kc2 Bf5+) 21... Qa1+ 22. Kc2 Re2+ 23. Rd2 Rxd2+ $40 {[%emt 0:00:48][%mdl 128] Black is up to no good.} 24. Qxd2 {[%emt 0:00:13] And now Qh6 would win.} Qa4+ $1 (24... Qa2 $2 25. Qh6 $18) 25. Kb1 {[%emt 0:00:07] Strongly threatening Qh6.} Rb8 $1 {[%emt 0:03:28][%cal Od6a3,Ba8b8,Bb8b5,Bb5a5,Ba5a1][%mdl 32] White must now prevent ...Ba3!} 26. Bg3 (26. Qh6 {[#] gets mated.} Rxb2+ $3 27. Kxb2 Ba3+ 28. Ka1 Bb4+ 29. Kb2 Qb3+ 30. Kc1 Qxc3+ 31. Kb1 Qd3+ 32. Kb2 Ba3+ 33. Ka2 Qc2+ 34. Kxa3 Qb3#) 26... Bxg3 {[%emt 0:02:17] Chess con chili.} 27. Rxg3 Rb5 {[%emt 0:09:49] aiming for ...Ra5.} 28. h4 $2 (28. Rg1 $11) 28... Ra5 $19 {[%emt 0:02:27] Threatens to win with ...Bd7.} 29. Kc1 Qb3 30. Qc2 Ra1+ {[%emt 0:01:31] Black mates.} 31. Kd2 Qb8 32. Qh7 Qxb2+ (32... Qxg3 $2 33. Qh8+ Ke7 34. Qe8+ Kd6 35. Qd8+ (35. Qxf7 $2 Qf2#) 35... Bd7 36. Nf5+ (36. Qxf6+ $2 Kc7 $19) 36... Ke6 37. Nxg3 $18) 33. Qc2 Qb8 34. Qh7 Ra2+ (34... Qxg3 $2 35. Qh8+ Ke7 36. Qe8+ Kd6 37. Qd8+ (37. Qxf7 $2 Qf2#) 37... Bd7 38. Nf5+ (38. Qxf6+ $2 Kc7 $19) 38... Ke6 39. Nxg3 $18) 35. Kd1 Bg4+ (35... Qxg3 $2 36. Qh8+ Ke7 37. Qe8+ Kd6 38. Qd8+ (38. Qxf7 $2 Qg1#) 38... Bd7 39. Nf5+ (39. Qxf6+ $2 {loses.} Kd5 $19) 39... Ke6 40. Nxg3 $18) 36. Rxg4 Qb3+ {[%emt 0:00:05] Weighted Error Value: White=0.31/Black=0.03 (flawless)} 0-1

[Event "German Bundesliga 2022-23"]
[Site "Germany"]
[Date "2022.11.26"]
[Round "3.7"]
[White "Gustafsson, Jan"]
[Black "Grigorian, Spartak"]
[Result "1-0"]
[ECO "E47"]
[WhiteElo "2638"]
[BlackElo "2460"]
[Annotator "TA"]
[PlyCount "65"]
[EventDate "2022.10.21"]
[EventType "team-tourn"]
[EventCountry "GER"]
[SourceTitle "playchess.com"]
[Source "ChessBase"]
[SourceQuality "1"]
[TimeControl "40/6000+30:3000+30"]

1. d4 Nf6 2. c4 e6 3. Nc3 Bb4 4. e3 O-O 5. Bd3 c5 6. Nge2 d5 7. cxd5 exd5 8. a3 Bxc3+ 9. bxc3 b6 10. O-O Ba6 11. f3 Re8 12. Ng3 Bxd3 13. Qxd3 Nc6 14. Bb2 Rc8 (14... c4 $11 15. Qd2 h5) 15. Rae1 {[%emt 0:03:03] E49: Nimzo-Indian: Rubinstein: 5 Bd3 d5 6 a3 Bxc3+ 7 bxc3.} (15. e4 $5 ) 15... Rc7 16. e4 $1 dxe4 17. fxe4 {[%emt 0:00:44] White is slightly better.} Ne5 18. Qe2 (18. dxe5 $2 {perishes.} Qxd3 19. exf6 g6 $19) 18... cxd4 19. cxd4 Nc4 20. Ba1 {[%emt 0:00:38] [#]} (20. e5 $5 ) 20... Qe7 $146 (20... Nxa3 $2 21. d5 Kh8 22. Nf5 $18) (20... b5 $14) ({Predecessor:} 20... b5 21. d5 Nd7 22. Nf5 Nde5 23. Qh5 g6 24. Nh6+ Kg7 25. Qh3 f6 26. Ng4 Nxg4 27. Qxg4 {½-½ (32) Stathopoulos,I (2278)-Sandalakis,A (2412) Thessaloniki 2022}) 21. Qf2 $18 Qxa3 (21... Nxa3 $2 22. Nf5 Qf8 23. d5 $18) 22. Qf4 Rce7 {[%emt 0:03:43] [#]} (22... Ree7 23. Nf5 Ne8) 23. Nf5 $1 Rxe4 24. Rxe4 Rxe4 {[%emt 0:00:24] [#]} 25. Qg5 Qf8 26. d5 $1 Ne3 {[%emt 0:00:29] aiming for ...Nxf5.} 27. Nh6+ ({Weaker is} 27. Nxe3 h6 28. Qg3 Qc5 $18) 27... Kh8 28. Rxf6 Qc5 29. Nxf7+ Kg8 30. Nh6+ Kh8 {[%emt 0:00:02] [#] Hoping for ...Qc1+.} 31. Rf8+ $3 Qxf8 {[%emt 0:00:04][%csl Ge3][%cal Rf8f1] [#]} 32. Bxg7+ $1 {[%emt 0:00:07][%mdl 576] Deflection, Back Rank} Qxg7 33. Qd8+ {[%emt 0:00:10] Black did not feel at home in the position after the opening.   Weighted Error Value: White=0.02 (flawless) /Black=0.89} 1-0

[Event "German Bundesliga 2022-23"]
[Site "Germany"]
[Date "2022.11.26"]
[Round "3.7"]
[White "Fedorchuk, Sergey A."]
[Black "Kozul, Zdenko"]
[Result "1/2-1/2"]
[ECO "B67"]
[WhiteElo "2634"]
[BlackElo "2549"]
[Annotator "TA"]
[PlyCount "84"]
[EventDate "2022.10.21"]
[EventType "team-tourn"]
[EventCountry "GER"]
[SourceTitle "playchess.com"]
[Source "ChessBase"]
[SourceQuality "1"]
[TimeControl "40/6000+30:3000+30"]

1. e4 c5 2. Nf3 d6 3. d4 cxd4 4. Nxd4 Nf6 5. Nc3 Nc6 6. Bg5 e6 7. Qd2 a6 8. O-O-O Bd7 9. Kb1 Be7 {[%emt 0:01:13] B67: Sicilian: Richter-Rauzer: 7...a6 8 0-0-0 Bd7, lines without 9 f4 Be7.} 10. Nxc6 $1 {[%emt 0:05:00][%mdl 4] is currently scoring better than 10.f3.} Bxc6 11. f3 Rc8 {[%emt 0:03:55] White has an edge.} 12. h4 {[%emt 0:13:58] [#]} d5 $146 ({Predecessor:} 12... b5 13. Ne2 h5 14. Nd4 Bd7 15. Bd3 Qb6 16. Be3 Qc7 17. c3 O-O 18. Bg5 e5 {1-0 (40) Arjun,K (2529)-Sadhwani,R (2620) chess24.com INT 2022}) 13. Qe1 {[%emt 0:17:35] Threatens to win with exd5.} h6 14. Bxf6 Bxf6 15. exd5 Bxc3 16. Qxc3 O-O 17. Qe1 exd5 18. Qe5 Qc7 19. Qxc7 Rxc7 20. Bd3 Re8 21. b3 Kf8 22. Kb2 Re6 23. a4 a5 24. Rd2 Rf6 25. Re2 Rf4 26. Kc1 Re7 27. Kd2 Rxe2+ 28. Kxe2 $11 {[%emt 0:00:22][%mdl 4096] Endgame KRB-KRB} Ke7 29. Ke3 Rb4 30. g3 Kd6 31. Re1 Bd7 32. f4 h5 33. Kd2 g6 34. Re5 f6 35. Re1 f5 36. Kc3 Bc6 37. Re5 Bd7 38. Kd2 Bc6 39. Re1 Bd7 40. Kc3 Bc6 $1 41. Re2 Bd7 42. Re1 Bc6 $1 {[%emt 0:00:00] Weighted Error Value: White=0.07 (flawless) /Black=0.02 (flawless)} 1/2-1/2

[Event "German Bundesliga 2022-23"]
[Site "Germany"]
[Date "2022.11.26"]
[Round "3.8"]
[White "Kozak, Adam"]
[Black "Kovalenko, Igor"]
[Result "1/2-1/2"]
[ECO "D35"]
[WhiteElo "2538"]
[BlackElo "2674"]
[Annotator "TA"]
[PlyCount "84"]
[EventDate "2022.10.21"]
[EventType "team-tourn"]
[EventCountry "GER"]
[SourceTitle "playchess.com"]
[Source "ChessBase"]
[SourceQuality "1"]
[TimeControl "40/6000+30:3000+30"]

1. d4 Nf6 2. c4 e6 3. Nc3 d5 4. cxd5 exd5 5. Bg5 c6 6. e3 h6 7. Bh4 Bf5 8. Qf3 {[%emt 0:02:36] D35: Queen's Gambit Declined: Exchange Variation.} Be6 {[%emt 0:00:05] 8...Bh7 is setting a new trend.} 9. Bxf6 Qxf6 10. Qxf6 {[%emt 0:00:09] White is slightly better.} gxf6 11. Bd3 a5 12. Nge2 Nd7 {[%emt 0:14:05] [#]} 13. a4 $146 (13. Nf4 $14 {was preferrable.}) ({Predecessor:} 13. f3 Bd6 14. Kf2 f5 15. Nf4 Bxf4 16. exf4 Ke7 17. g4 Kf6 18. h3 Nb6 19. Rae1 {1-0 (52) Korobov,A (2693)-Lopez Martinez,J (2542) Sitges 2020}) 13... Bb4 14. Kd2 Rg8 15. Rhg1 Nb6 16. Kc2 (16. Nf4 {seems wilder.} Ke7 17. g3 Rh8 18. Ke2) 16... Rc8 17. h3 {[%emt 0:15:19] The position is equal.} (17. Nf4 {looks sharper.} Ke7 18. Kd2 c5 19. Ke2) 17... Ke7 18. b3 f5 19. Kb2 Bd6 {[%emt 0:03:50] Inhibits Ng3.} 20. Nf4 Nd7 21. g4 fxg4 22. Nxe6 fxe6 23. hxg4 Nf6 24. f3 Bb4 25. Rg2 Rg5 26. Rh2 c5 (26... h5 {simplifies} 27. gxh5 Rxh5 28. Rxh5 Nxh5 29. Ne2 Nf6) 27. Na2 ({Much worse is} 27. Rxh6 cxd4 28. Ne2 dxe3 $17) 27... cxd4 28. Nxb4 axb4 29. exd4 h5 30. gxh5 Rxh5 31. Rxh5 Nxh5 $11 {[%emt 0:00:05][%mdl 4096] Endgame KRB-KRN} 32. a5 Nf4 33. Bb5 Rc3 34. Ra4 Rxf3 35. Rxb4 Kd6 36. Kc2 Kc7 37. Kd2 Ng6 38. a6 bxa6 39. Bxa6 Rf2+ 40. Kc3 Ra2 41. Ra4 Rg2 42. Bf1 Rf2 {[%emt 0:00:51] Weighted Error Value: White=0.05 (flawless) /Black=0.05 (flawless)} 1/2-1/2

[Event "German Bundesliga 2022-23"]
[Site "Germany"]
[Date "2022.11.26"]
[Round "3.8"]
[White "Wachinger, Nikolas"]
[Black "Movsesian, Sergei"]
[Result "1/2-1/2"]
[ECO "B46"]
[WhiteElo "2434"]
[BlackElo "2624"]
[Annotator "TA"]
[PlyCount "92"]
[EventDate "2022.10.21"]
[EventType "team-tourn"]
[EventCountry "GER"]
[SourceTitle "playchess.com"]
[Source "ChessBase"]
[SourceQuality "1"]
[TimeControl "40/6000+30:3000+30"]

1. e4 c5 2. Nf3 e6 3. d4 cxd4 4. Nxd4 Nc6 5. Nc3 a6 6. Nxc6 bxc6 7. Qf3 {[%emt 0:00:15] B46: Sicilian: Taimanov: 5 Nc3 a6.} Qc7 8. Qg3 Qxg3 9. hxg3 {[%emt 0:00:06] White is slightly better.} ({Of course not} 9. fxg3 d5 $11) 9... d5 10. Na4 {[%emt 0:12:42] And now Nb6 would win.} Bb7 11. Be3 Nf6 12. exd5 cxd5 13. Nc5 {[%emt 0:00:51] [#]} Bxc5 $146 ({Predecessor:} 13... Bc8 14. Be2 Nd7 15. Nxd7 Bxd7 16. c4 Bb4+ 17. Bd2 Bxd2+ 18. Kxd2 Bc6 19. Bf3 O-O-O 20. cxd5 Bxd5 {½-½ (33) Pulpan,J (2414)-Panesso Rivera,H (2380) Pardubice 2019}) 14. Bxc5 Rc8 15. Bd4 Rxc2 16. Bd3 Rc8 17. f3 Ke7 18. g4 Ne8 19. Kd2 f6 20. Rxh7 Rxh7 21. Bxh7 {[%emt 0:00:04] A strong pair of Bishops.} Nd6 22. Rc1 Nc4+ 23. Ke2 e5 24. Bc3 Nd6 25. Bd3 Ke6 (25... d4 $5 26. Bd2 $8 Rxc1 27. Bxc1 Ke6 $11) 26. Bd2 Rxc1 27. Bxc1 $11 {[%emt 0:00:03][%mdl 4096] Endgame KBB-KBN} d4 28. b3 e4 29. fxe4 Nxe4 30. Bxe4 Bxe4 {[%emt 0:00:13] KB-KB} 31. g3 g5 32. Ba3 (32. Bd2 $11 {feels stronger.}) 32... Bb1 $1 $15 33. Bc5 Bxa2 34. Bxd4 Bxb3 35. Bc3 $1 Bc4+ 36. Kf2 Bb5 37. Ke3 Ba4 {[%emt 0:00:18] Threatens to win with ...Bd1.} 38. Ke2 {[%emt 0:00:07] Prevents Bd1+.} Bb3 39. Ba5 Bd5 40. Bc3 Bc6 41. Kf2 Bd7 42. Ke3 Kf7 43. Kf3 Ba4 44. Ke2 {[%emt 0:00:07] Against Bd1+} Bd7 45. Kf3 Ba4 46. Ke2 $1 {[%emt 0:00:05] Against Bd1+} Bd7 {[%emt 0:00:04] Weighted Error Value: White=0.04 (flawless) /Black=0.05 (flawless)} (46... Bb3 $15) 1/2-1/2

[Event "German Bundesliga 2022-23"]
[Site "Germany"]
[Date "2022.11.26"]
[Round "3.9"]
[White "Kadric, Denis"]
[Black "Ivic, Velimir"]
[Result "1/2-1/2"]
[ECO "B45"]
[WhiteElo "2582"]
[BlackElo "2560"]
[Annotator "TA"]
[PlyCount "65"]
[EventDate "2022.10.21"]
[EventType "team-tourn"]
[EventCountry "GER"]
[SourceTitle "playchess.com"]
[Source "ChessBase"]
[SourceQuality "1"]
[TimeControl "40/6000+30:3000+30"]

1. e4 c5 2. Nc3 e6 3. Nf3 Nc6 4. d4 cxd4 5. Nxd4 Nf6 6. Nxc6 bxc6 7. e5 Nd5 8. Ne4 Qc7 9. f4 Qb6 10. c4 Bb4+ 11. Ke2 f5 12. exf6 Nxf6 {[%emt 0:00:08] B45: Sicilian Four Knights.} 13. Be3 {[%emt 0:00:09] Really sharp!} Qd8 14. Nd6+ Bxd6 {[%emt 0:00:07] White has an edge.} 15. Qxd6 Bb7 16. Rd1 Rc8 17. Qc5 ({But not} 17. Bxa7 c5 $15) 17... Qb6 18. b4 {[%emt 0:15:34] [#]} d5 $146 ({Predecessor:} 18... Qa6 19. Kf3 d6 20. Rxd6 O-O 21. Bd3 e5 22. Rd1 Rce8 23. Kf2 exf4 24. Bd4 Qxa2+ {0-1 (34) Magold,F (2267)-Ilamparthi,A (2269) Mamaia 2022}) 19. Qxb6 axb6 20. Bxb6 Ra8 {[%emt 0:05:23] Against a4} 21. Ra1 Ra4 22. a3 Kf7 23. Ke3 Rha8 {[%emt 0:03:08] The position is equal.} 24. Bd3 Rxa3 25. Rxa3 Rxa3 26. Kd4 Ba6 27. Rc1 Bxc4 28. Bxc4 dxc4 29. Rxc4 $11 {[%emt 0:00:36] KRB-KRN} Nd5 30. Rxc6 Ra4 31. Bc5 Nxb4 32. Bxb4 Rxb4+ 33. Ke3 {[%emt 0:00:01] A balanced but interesting game.   Weighted Error Value: White=0.01 (flawless) /Black=0.00 (flawless)} 1/2-1/2

[Event "German Bundesliga 2022-23"]
[Site "Germany"]
[Date "2022.11.26"]
[Round "3.9"]
[White "Parligras, Mircea-Emilian"]
[Black "Maghsoodloo, Parham"]
[Result "1/2-1/2"]
[ECO "D85"]
[WhiteElo "2567"]
[BlackElo "2721"]
[Annotator "TA"]
[PlyCount "111"]
[EventDate "2022.10.21"]
[EventType "team-tourn"]
[EventCountry "GER"]
[SourceTitle "playchess.com"]
[Source "ChessBase"]
[SourceQuality "1"]
[TimeControl "40/6000+30:3000+30"]

1. d4 Nf6 2. c4 g6 3. Nc3 d5 4. cxd5 Nxd5 5. e4 Nxc3 6. bxc3 Bg7 7. Nf3 c5 8. h3 O-O 9. Be3 Nc6 10. Be2 (10. dxc5 $2 Bxc3+ 11. Nd2 Qa5 $19) 10... cxd4 {[%emt 0:00:06] D85: Exchange Grünfeld: Unusual White 7th moves and lines with 7 Nf3.} 11. cxd4 Qa5+ 12. Bd2 Qa3 {[%emt 0:00:05] [#] The position is equal.} 13. d5 Ne5 14. Nxe5 Bxe5 15. O-O Bd7 16. Rb1 Ba4 $40 {[%emt 0:02:39][%mdl 128] White needs to defend precisely.} 17. Qc1 Qxa2 {[%emt 0:00:28] [#] ...Rfc8 is the strong threat.} 18. Rxb7 $146 (18. Bc4 {simplifies} Qc2 19. Rxb7 Bd6 20. Qxc2 Bxc2 21. e5) ({Predecessor:} 18. Bc4 Qc2 19. Rxb7 Rfc8 20. Qxc2 Bxc2 21. Ba6 Bxe4 22. Rxe7 Re8 23. Rxe8+ Rxe8 24. Re1 Bxd5 {0-1 (60) Girya,O (2448)-Goganov,A (2581) Anapa 2021}) 18... Rfc8 {[%emt 0:04:47] Prevents Bc4.} 19. Rxa7 Rxc1 $17 {[%emt 0:22:47][%mdl 64] Pin} 20. Rxa8+ {[%emt 0:00:08] [#]} Rc8 $3 21. Rxc8+ Kg7 22. Bd1 Qxd2 (22... Bb5 $6 23. Rc2 Qb1 24. Re1 $11) 23. Bxa4 Qf4 24. g3 Qxe4 25. Bd1 h5 26. Rc2 (26. Ra8 $17 {might work better.}) 26... h4 $19 (26... Qxd5 27. h4 $17) 27. Re2 Qd4 (27... Qxd5 28. gxh4 Bd4 29. Kh2) 28. gxh4 Bd6 $1 ({Stronger than} 28... Qxd5 29. Re3 $17) ({Weaker is} 28... Qf4 29. Rxe5 Qxe5 30. Bf3 $17) 29. Re3 Qxh4 ({Inferior is} 29... Qxd5 30. Bg4 $17) 30. Rfe1 Qg5+ (30... Bc5 $19 31. Rf3 Qg5+ 32. Kf1 Qxd5) 31. Kf1 $17 Bb4 32. Bf3 Bxe1 33. Rxe1 {[%emt 0:00:22][%mdl 4096] Endgame KQ-KRB} f5 34. Re6 Kh6 35. Re3 Qh4 36. Kg2 Qb4 37. Re6 Kg5 38. Rc6 Qa3 39. Kg3 Qa4 {[%emt 0:01:53] Against h4+} 40. Re6 Qb4 41. Kg2 Kh6 42. Re3 Kg7 43. Re6 Kf7 44. Re3 Qd4 45. Re6 Qf4 46. Re3 Qg5+ 47. Kf1 Qf4 48. Kg2 $1 Ke8 {[%emt 0:00:03] Black is better.} 49. Re6 {[%emt 0:00:40] [#]} Qg5+ $1 50. Kf1 Kd7 {[%emt 0:00:04] Inhibits d6.} 51. Rc6 {[%emt 0:03:02] [#] Prevents Qc1+.} ({White should try} 51. Be2) 51... Qf4 (51... Qh6 $142 $1 52. Kg2 Ke8) 52. Kg2 g5 {[%emt 0:00:47] Strongly threatening ...g4.} 53. Rg6 {[%emt 0:01:51] Against g4} Ke8 54. Re6 g4 {[%emt 0:00:00] Prevents d6.} 55. hxg4 fxg4 56. Be2 {[%emt 0:00:00] Weighted Error Value: White=0.09 (flawless) /Black=0.09 (flawless)} 1/2-1/2

[Event "German Bundesliga 2022-23"]
[Site "Germany"]
[Date "2022.11.26"]
[Round "3.10"]
[White "Tabatabaei, M. Amin"]
[Black "Plat, Vojtech"]
[Result "1-0"]
[ECO "D78"]
[WhiteElo "2657"]
[BlackElo "2546"]
[Annotator "TA"]
[PlyCount "59"]
[EventDate "2022.10.21"]
[EventType "team-tourn"]
[EventCountry "GER"]
[SourceTitle "playchess.com"]
[Source "ChessBase"]
[SourceQuality "1"]
[TimeControl "40/6000+30:3000+30"]

1. Nf3 d5 2. g3 g6 3. Bg2 Bg7 4. d4 Nf6 5. O-O O-O 6. c4 c6 7. Qb3 a5 8. cxd5 {[%emt 0:00:28] D78: Fianchetto Grünfeld: 6 0-0 c6.} a4 9. Qd1 cxd5 10. Nc3 {[%emt 0:00:06] White has an edge.} Qa5 11. Bd2 Nc6 12. e3 e6 {[%emt 0:07:45] [#]} 13. Qe2 $5 $146 {[%emt 0:05:17][%mdl 8] New and interesting.} ({Predecessor:} 13. Rc1 Qa6 14. Re1 Bd7 15. Bf1 Qa7 16. Ne5 Nxe5 17. dxe5 Ne8 18. Nxd5 exd5 19. Bb4 {0-1 (39) Ftacnik,L (2501)-Vogel,R (2447) Germany 2022}) 13... Qd8 14. Rfc1 Bd7 15. Ne1 Ne8 16. Nd3 Nd6 17. Nc5 b6 18. Nxd7 Qxd7 19. Be1 Rfc8 20. Rab1 (20. Nb5 $5 ) 20... Bf8 21. Bf1 {[%emt 0:12:28] The position is equal.} Na5 22. Qd1 Nac4 23. b3 axb3 24. axb3 Na5 25. Na4 Qb7 26. Bd3 Rxc1 27. Rxc1 Rc8 28. Ra1 Nc6 29. Qe2 {[%emt 0:02:08] [#] Threatens to win with Ba6.} Nb8 {[%emt 0:02:12] Prevents Ba6.} 30. Nc3 {[%emt 0:01:38][%mdl 32768] Weighted Error Value: White=0.04 (flawless) /Black=0.04 (flawless) . Loss on time!?} 1-0

[Event "German Bundesliga 2022-23"]
[Site "Germany"]
[Date "2022.11.26"]
[Round "3.10"]
[White "Brkic, Ante"]
[Black "Ivanisevic, Ivan"]
[Result "1-0"]
[ECO "C72"]
[WhiteElo "2610"]
[BlackElo "2533"]
[Annotator "TA"]
[PlyCount "61"]
[EventDate "2022.10.21"]
[EventType "team-tourn"]
[EventCountry "GER"]
[SourceTitle "playchess.com"]
[Source "ChessBase"]
[SourceQuality "1"]
[TimeControl "40/6000+30:3000+30"]

1. e4 e5 2. Nf3 Nc6 3. Bb5 a6 4. Ba4 d6 5. O-O Bd7 6. c4 Nf6 7. Nc3 Be7 8. Bxc6 Bxc6 9. Re1 O-O 10. d4 exd4 {[%emt 0:04:06] C72: Ruy Lopez: Deferred Steinitz: 5 0-0.} 11. Nxd4 Nd7 12. Be3 Bf6 {[%emt 0:02:56] White is slightly better.} 13. b3 Re8 {[%emt 0:04:42] [#]} 14. Qc2 $146 ({Predecessor:} 14. f3 Ne5 15. a4 Ng6 16. Qd2 Be5 17. Qf2 Nf4 18. Rad1 Bd7 19. Kh1 c5 20. Nde2 Nxe2 21. Nxe2 {1-0 (59) Niedbala,B (2381)-Moroni,L (2584) Piestany 2022}) 14... Be5 15. Rad1 (15. Rac1 {with more complications.} Qh4 16. Nf3 Qg4 17. Nd5) 15... Qf6 16. Nd5 Bxd5 17. cxd5 Rac8 18. Qd2 Qh4 19. f4 {[%emt 0:02:35] [#] Black must now prevent Nf5.} Bxd4 20. Bxd4 Nf6 21. e5 dxe5 (21... Nxd5 $2 22. Bf2 Qxf4 23. Qxd5 $18) 22. fxe5 (22. g3 $6 Qh5 23. Bxe5 Nd7 $11) 22... Nd7 (22... Nxd5 $2 23. Bf2 Qd8 24. Qxd5 $18) 23. Bb2 Qh5 $2 {[%emt 0:04:34] [#] Black cannot hold the game after this.} (23... Qe7 $14) 24. e6 $18 fxe6 25. dxe6 Nf8 (25... Nf6 $142 26. Bxf6 gxf6) 26. Re5 Qh6 27. e7 Ng6 (27... Qxd2 28. exf8=R+ (28. Rxd2 Ng6 $11) 28... Rxf8 29. Rxd2 Rcd8) 28. Qd5+ {[%emt 0:01:03] White is clearly winning.} Kh8 29. Re6 Qh4 (29... Nf4 $142) 30. Rd4 Nf4 31. Qe5 {[%emt 0:00:37] Weighted Error Value: White=0.18 (very precise) /Black=0.58} ({Inferior is} 31. Qxb7 Qg4 32. Re1 (32. Rxa6 $2 {too greedy.} Ne2+ 33. Kh1 Nxd4 $19) (32. Rxf4 Qxe6 33. Re4 Qb6+ 34. Qxb6 cxb6 $15) 32... Nh3+ 33. Kh1 Nf2+ 34. Kg1 Nh3+ 35. Kh1 Nf2+ 36. Kg1 Nh3+ $11) 1-0

[Event "German Bundesliga 2022-23"]
[Site "Germany"]
[Date "2022.11.26"]
[Round "3.11"]
[White "Pavlidis, Antonios"]
[Black "Georgiadis, Nico"]
[Result "1/2-1/2"]
[ECO "C47"]
[WhiteElo "2551"]
[BlackElo "2577"]
[Annotator "TA"]
[PlyCount "69"]
[EventDate "2022.10.21"]
[EventType "team-tourn"]
[EventCountry "GER"]
[SourceTitle "playchess.com"]
[Source "ChessBase"]
[SourceQuality "1"]
[TimeControl "40/6000+30:3000+30"]

1. e4 e5 2. Nf3 Nc6 3. Nc3 Nf6 4. d4 exd4 5. Nxd4 Nxe4 6. Nxe4 Qe7 $1 {[#]} 7. Bd3 {[%cal Bf1d3,Bd3c4,Bc4d5][%mdl 32] aiming for Nf5. C47: Scotch Four Knights and Four Knights with 4 g3.} Nxd4 8. O-O d5 {[#]} (8... Ne6 {simplifies} 9. Re1 d5 10. Ng5 h6) 9. Bc4 $1 {[%mdl 64] [#]} Bg4 $146 ({Weaker is} 9... Qxe4 10. Re1 $16) (9... Nf3+ 10. Qxf3) ({Predecessor:} 9... Nf3+ 10. Qxf3 Qxe4 11. Bxd5 Qxf3 12. Bxf3 c6 13. Re1+ Be7 14. Bg5 Be6 15. Bxe7 Kxe7 {1-0 (51) Xiong,J (2688)-Chigaev,M (2631) Chess.com INT 2022}) 10. Qxd4 Qxe4 11. Qxd5 Qxd5 12. Bxd5 O-O-O 13. Bxf7 Bc5 14. Be3 Bxe3 15. fxe3 Rd2 16. Bb3 Rhd8 17. e4 ({White should try} 17. h3 $16 Bh5 18. Be6+ Kb8 19. Bf5) 17... Bh5 18. Rae1 Bg6 19. Re3 a5 20. h3 Kd7 (20... Re8 $11 {feels stronger.}) 21. e5 Ke7 {The position is equal.} 22. a4 b6 23. Rf2 c5 24. g4 h6 25. Kg2 Rxf2+ 26. Kxf2 $11 {[%mdl 4096] Endgame KRB-KRB} Rd2+ 27. Re2 Rd1 28. Bc4 Rb1 29. c3 Be8 30. b3 Bf7 31. e6 Be8 32. Re1 Rb2+ 33. Re2 Rb1 34. Re1 Rb2+ 35. Re2 {Weighted Error Value: White=0.09 (flawless) /Black=0.05 (flawless)} 1/2-1/2